 Dungeon Crawl Stone Soup version 0.28.0-1-gb440e238dd (webtiles) character file.

Game seed: 5923620521018457524

107 Kaptain the Digger (level 4, 0/28 HPs)
             Began as an Octopode Earth Elementalist on Feb 20, 2022.
             Succumbed to an adder's poison
             ... on level 2 of the Dungeon.
             The game lasted 00:04:03 (1550 turns).

Kaptain the Digger (Octopode Earth Elementalist)    Turns: 1550, Time: 00:04:03

Health: 0/28       AC:  1    Str:  7    XL:     4   Next: 85%
Magic:  6/8        EV: 13    Int: 19    God:
Gold:   30         SH:  0    Dex: 12    Spells: 4/8 levels left

rFire   . . .      SeeInvis +   i - +1 dagger (speed)
rCold   . . .      Faith    .   (no shield)
rNeg    . . .      Spirit   .   (helmet restricted)
rPois   .          Reflect  .   (no amulet)
rElec   .          Harm     .   e - ring of see invisible
rCorr   .          Rampage  .   (no ring)
Will    .....                   (no ring)
Stlth   +++.......              (no ring)
HPRegen 0.09/turn               (no ring)
MPRegen 0.11/turn               (no ring)
                                (no ring)
                                (no ring)

@: lethally poisoned (0 -> -4)
A: almost no armour, amphibious, 8 rings, camouflage 1, gelatinous body 1,
(nimble swimmer 1), tentacles
a: no special abilities


You were on level 2 of the Dungeon.
You visited 1 branch of the dungeon, and saw 2 of its levels.

You collected 30 gold pieces.

Inventory:

Hand Weapons
 f - a +0 hunting sling
 i - a +1 dagger of speed (weapon)
Missiles
 b - 25 sling bullets
 h - 5 stones
Jewellery
 e - a ring of see invisible (left tentacle)
Scrolls
 c - a scroll of immolation {unknown}
 d - a scroll of magic mapping {unknown}
 g - a scroll of identify {unknown}


   Skills:
 + Level 1.1 Fighting
 + Level 2.4 Dodging
 + Level 3.6 Stealth
 * Level 2.8 Spellcasting
 * Level 1.5 Conjurations
 - Level 1.0 Transmutations
 * Level 3.6 Earth Magic


You had 4 spell levels left.
You knew the following spells:

 Your Spells              Type           Power      Damage    Failure   Level
a - Sandblast             Erth           32%        2d9       3%          1
b - Stone Arrow           Conj/Erth      24%        3d8       16%         3

Your spell library contained the following spells:

 Spells                   Type           Power      Damage    Failure   Level
 Passwall                 Tmut/Erth      9%         N/A       9%          2
 Petrify                  Tmut/Erth      11%        N/A       52%         4


Dungeon Overview and Level Annotations

Branches:
Dungeon (2/15)

Altars:

Shops:
D:1 [


Innate Abilities, Weirdness & Mutations

You cannot wear most types of armour.
You are amphibious.
You can wear up to eight rings at the same time.
Your skin changes colour to match your surroundings (Stealth+).
Your rubbery body absorbs attacks. (AC +1, EV +1)
((You are camouflaged when in or above water. (Stealth+)))
You have tentacles for arms and can constrict up to eight enemies at once.


Message History

The adder bites you.
You closely miss the adder. You grab the adder.
The adder is moderately wounded.
You constrict the adder. The adder bites you.
You hit the adder but do no damage.
The adder is moderately wounded.
You constrict the adder. The adder bites you. x2
You hit the adder.
The adder is severely wounded.
You constrict the adder. The adder bites you.
You are poisoned.
The adder poisons you! The adder completely misses you.
You hit the adder.
You kill the adder!
You feel sick. The adder bites you.
* * * LOW HITPOINT WARNING * * *
Unknown command.
You aren't carrying any potions.
Unknown command.
Unknown command.
You aren't carrying any potions.
Unknown command.
Casting: Stone Arrow (quite dangerous; 16% risk of failure)
Confirm with . or Enter, or press ? or * to list all spells.
Aiming: Sandblast (safe; 3% risk of failure)
Press: ? - help, Shift-Dir - straight line, f - adder
Aim: an adder (66% to hit)
The blast of sand hits the adder!
The adder is severely wounded.
* * * LOW HITPOINT WARNING * * *
You feel sick. The adder bites you.
* * * LOW HITPOINT WARNING * * *
Casting: Sandblast (safe; 3% risk of failure)
Confirm with . or Enter, or press ? or * to list all spells.
Aiming: Sandblast (safe; 3% risk of failure)
Press: ? - help, Shift-Dir - straight line, f/p - adder
Aim: an adder (severely wounded, 66% to hit)
The blast of sand hits the adder!
You kill the adder!
You die...

.# ### #.## #.#
## l# #..# #....#
.# ##.###.##.# .#
#..##.##.### .#
##.##.##...
#..#.##'######
#.#.#.........#
#.#.#...#.......#
#.......#.@.....#
#.#.##.>#†......#
#.#. ##.#.......#
# .. #.#.......#
##. ..#.......#
###.......#
..####### ..


There were no monsters in sight!

Vanquished Creatures
  A hound (D:2)
  4 adders (D:2)
  2 dart slugs (D:1)
  An endoplasm (D:1)
  2 giant cockroaches (D:1)
  8 goblins
  3 hobgoblins (D:1)
  2 kobolds (D:2)
  A quokka (D:1)
  5 ball pythons
  6 bats
  3 frilled lizards
  7 rats
45 creatures vanquished.

Notes
Turn   | Place    | Note
-------+----------+-------------------------------------------
     0 | D:1      | Kaptain the Octopode Earth Elementalist began the quest for
                  | the Orb.
     0 | D:1      | Reached XP level 1. HP: 11/11 MP: 3/3
   242 | D:1      | Reached XP level 2. HP: 18/18 MP: 1/5
   421 | D:1      | Found Zusaaj's Antique Armour Shop.
   643 | D:1      | Reached XP level 3. HP: 22/22 MP: 4/6
   648 | D:1      | Learned a level 3 spell: Stone Arrow
  1011 | D:2      | Found a faded altar of an unknown god.
  1126 | D:2      | Reached skill level 1 in Fighting
  1126 | D:2      | Reached skill level 1 in Conjurations
  1126 | D:2      | Reached XP level 4. HP: 24/28 MP: 6/8
  1549 | D:2      | HP: 1/28 [adder (4)]
  1550 | D:2      | Succumbed to an adder's poison

Illustrated notes

Levels and vault maps discovered:
D:1:      roderic_crossed_star, layout_rooms, serial_shops,
          nicolae_shop_advertising_works [nicolae_subvault_shop_adworks]
D:2:      layout_basic, basic_ecumenical_altar

Skill      XL: |  1  2  3 |
---------------+----------+-----
Stealth        | 3 |  3.6
Fighting       | 1 |  1.1
Conjurations   | 1 |  1.5
Dodging        | |  2.4
Spellcasting   | |  2.8
Transmutations | |  1.0
Earth Magic    | |  3.6

Action                   |  1- 3 |  4- 6 || total
-------------------------+-------+-------++-------
Melee: Dagger            |    32 |    30 ||    62
       Constrict         |     8 |     7 ||    15
       Tentacles         |     8 |     8 ||    16
 Cast: Sandblast         |    30 |     2 ||    32
 Stab: Sleeping          |     1 |     1 ||     2
Armor: Skin              |     6 |     2 ||     8
Dodge: Dodged            |    29 |    18 ||    47
